 Dungeon Crawl Stone Soup version 0.27-a0-416-gca2cecf3c0 (webtiles) character file.

Game seed: 16576698764303420156

390 sahdkjhfkaj the Insei (level 6, -1/51 HPs)
             Began as a Merfolk Monk on Feb 24, 2021.
             Slain by foci's ghost (9 damage)
             ... on level 3 of the Dungeon.
             The game lasted 00:05:03 (4289 turns).

sahdkjhfkaj the Insei (Merfolk Monk)                Turns: 4289, Time: 00:05:04

Health: -1/51      AC:  6    Str: 13    XL:     6   Next: 80%
Magic:  6/6        EV: 13    Int: 10    God:
Gold:   197        SH:  0    Dex: 16    Spells: 5/5 levels left

rFire    . . .     SeeInvis +     - Unarmed
rCold    . . .     Faith    +   (no shield)
rNeg     . . .     Spirit   .   i - +0 ring mail
rPois    .         Reflect  .   j - +0 helmet {SInv}
rElec    .         Harm     .   (no cloak)
rCorr    .         Rampage  .   (no gloves)
Will     .....                  (no boots)
Stlth    +.........             r - amulet of faith
HPRegen  0.17/turn              n - ring of see invisible
MPRegen  0.10/turn              (no ring)

@: about to teleport
A: change form in water, swift swim, stealthy swim
a: no special abilities


You were on level 3 of the Dungeon.
You visited 1 branch of the dungeon, and saw 3 of its levels.
You also visited: Sewer.

You collected 197 gold pieces.

Inventory:

Armour
 i - a +0 ring mail (worn)
 j - a +0 helmet of see invisible (worn)
Jewellery
 c - a ring of fire
 n - a ring of see invisible (left hand)
 r - an amulet of faith (around neck)
Wands
 d - a wand of flame (13)
 o - a wand of polymorph (6)
Scrolls
 a - a scroll of immolation {!r}
 b - a scroll of enchant weapon {!r}
 e - 2 scrolls of fog {!r}
 f - a scroll of blinking {!r}
 g - 2 scrolls of magic mapping {!r}
 h - 5 scrolls of teleportation {!r}
 q - a scroll of silence {!r, unknown}
 t - 2 scrolls of amnesia {!r, unknown}
 u - 2 scrolls of random uselessness {!r, unknown}
 v - a scroll of fear {!r, unknown}
Potions
 k - 6 potions of flight {!q, unknown}
 l - a potion of might {!q, unknown}
 m - a potion of degeneration {!q, unknown}
 p - a potion of curing {!q, unknown}
 s - a potion of haste {!q, unknown}
 w - a potion of mutation {!q, unknown}
 x - a potion of attraction {!q, unknown}
 z - a potion of heal wounds {!q}
 A - a potion of berserk rage {!q, unknown}


   Skills:
 - Level 5.0 Fighting
 + Level 4.5 Dodging
 - Level 2.1 Stealth
 - Level 7.0 Unarmed Combat


You had 5 spell levels left.
You didn't know any spells.
Your spell library contained the following spells:

 Spells                   Type           Power        Failure   Level
 Animate Skeleton         Necr           0%           63%         1
 Apportation              Tloc           0%           63%         1
 Corona                   Hex            0%           63%         1
 Summon Small Mammal      Summ           0%           63%         1


Dungeon Overview and Level Annotations

Branches:
Dungeon (3/15)              Sewer (visited)

Altars:

Annotations:
D:3 foci's ghost, amateur GrFi


Message History

* * * LOW HITPOINT WARNING * * *
You feel sick.
You feel sick.
Your legs become a tail as you enter the water.
You feel sick.
Your legs become a tail as you enter the water.
You see here a worker ant corpse.
You feel sick.
Your legs become a tail as you enter the water.
You feel sick.
Your legs become a tail as you enter the water.
Your legs become a tail as you enter the water.
You feel sick.
You are no longer poisoned.
You hit the plant.
The plant begins to die.
The plant is lightly damaged.
A nearby plant withers and dies.
Foci's ghost lets out a mournful wail.
You see here a smoky orange potion {!q}.
A - a smoky orange potion {!q} Foci's ghost closely misses you.
There is an open translucent door, spattered with blood here.
Things that are here:
an adder corpse; a bullfrog corpse Your legs become a tail as you enter the water.
There is a collapsed entrance here.
You see here 7 gold pieces.
Your legs become a tail as you enter the water.
There is a collapsed entrance here.
You see here 7 gold pieces.
You now have 197 gold pieces (gained 7).
Foci's ghost hits you but does no damage.
You hit foci's ghost but do no damage.
Foci's ghost is lightly damaged.
Foci's ghost hits you!
* * * LOW HITPOINT WARNING * * *
Really read
h - 6 scrolls of teleportation {!r}?
As you read the scroll of teleportation {!r}, it crumbles to dust.
You feel strangely unstable. Foci's ghost hits you!
You die...

#.##.#...♣.#.#.###
###.#####.#.#######.
#.....# #...# #.
########.#†#.# ###.#######.
#...>..†)#≈#.#####.#.......
#.#####.##≈#.........#####.
....#≈#.###.....# #.
#..#.##W#.# ##...## #.
.......#@#.# ##.## ## ....
..##≈#.# #.# ..⌠..#..###.#
#.# ... .... .## #+# . . #
..#### ..'...


You could see foci's ghost.

Vanquished Creatures
  A bullfrog (D:3)
  A worker ant (D:3)
  Robin (D:2)
  4 river rats (D:3)
  9 adders
  5 oozes
  6 worms
  6 dart slugs
  7 leopard geckos
  2 orcs (D:3)
  4 ball pythons
  15 bats
  2 giant cockroaches
  17 goblins
  9 hobgoblins
  6 jackals
  13 kobolds
  2 frilled lizards
  15 rats
125 creatures vanquished.

Vanquished Creatures (others)
  4 plants (D:3)
4 creatures vanquished.

Grand Total: 129 creatures vanquished

Notes
Turn   | Place    | Note
-------+----------+-------------------------------------------
     0 | D:1      | sahdkjhfkaj the Merfolk Monk began the quest for the Orb.
     0 | D:1      | Reached XP level 1. HP: 18/18 MP: 1/1
    67 | D:1      | Reached XP level 2. HP: 24/24 MP: 2/2
    70 | D:1      | Reached skill level 4 in Unarmed Combat
   365 | D:1      | Reached XP level 3. HP: 28/29 MP: 3/3
  1014 | D:2      | Noticed Robin
  1061 | D:1      | Reached skill level 5 in Unarmed Combat
  1160 | D:2      | Killed Robin
  1161 | D:2      | Reached XP level 4. HP: 30/35 MP: 4/4
  2218 | D:3      | Reached skill level 6 in Unarmed Combat
  2308 | D:3      | Reached XP level 5. HP: 41/41 MP: 5/5
  2515 | D:3      | Found a glowing drain.
  2535 | Sewer    | Entered a sewer
  3084 | Sewer    | Reached XP level 6. HP: 37/48 MP: 6/6
  3089 | Sewer    | HP: 1/48 [worm (7)]
  3536 | D:3      | Reached skill level 7 in Unarmed Combat
  4128 | D:3      | Found a runed translucent door.
  4136 | D:3      | Noticed foci's ghost (amateur GrFi)
  4229 | D:3      | Reached skill level 5 in Fighting
  4289 | D:3      | Slain by foci's ghost

Illustrated notes

Levels and vault maps discovered:
D:1:      heliophobic_arrival_henge, layout_loops_ring
D:2:      layout_rooms, minivault_5, nrook_mini_backslash, uniq_robin
D:3:      layout_loops_corners, lightli_sewer_entry_pipes,
          ebering_ghost_sewer_d, solitary_fountain, serial_bayou_pond_b

Skill      XL: |  1  2  3  4  5  6 |
---------------+-------------------+-----
Unarmed Combat | 4 5 6 7 |  7.0
Fighting       | 4 5 |  5.0
Dodging        | |  4.5
Stealth        | |  2.1

Action                   |  1- 3 |  4- 6 || total
-------------------------+-------+-------++-------
Melee: Unarmed           |    93 |   362 ||   455
       Punch             |     1 |     8 ||     9
       Tailslap          |       |     9 ||     9
  Use: Potion            |     1 |       ||     1
       Scroll            |       |     7 ||     7
 Stab: Sleeping          |     6 |     5 ||    11
Armor: Robe              |     8 |       ||     8
       Ring mail         |    15 |   100 ||   115
Dodge: Dodged            |    65 |   224 ||   289

Table legend: (Time is in decaauts)
 A = Elapsed time spent in this place.
 B = Non-inter-level travel time spent in this place.
 C = Inter-level travel time spent in this place.
 D = Time resting spent in this place.
 E = Time spent auto-exploring this place.
 F = Levels seen in this place.
 G = Mean time per level.
                   A        B        C        D        E       F      G
               +--------+--------+--------+--------+--------+-----+--------+
         Total |   4094 |   4021 |     73 |    458 |   2707 |   4 | 1023.5 |
       Dungeon |   3243 |   3170 |     73 |    458 |   1994 |   3 | 1081.0 |
         Sewer |    851 |    851 |      0 |      0 |    713 |   1 |  851.0 |
               +--------+--------+--------+--------+--------+-----+--------+

Top non-repeatable levels by time:
     D:3: 1271 daAuts
     D:1: 1071 daAuts
     D:2: 900 daAuts
   Sewer: 851 daAuts
